Map: Ice and Chrome LE

Players

imbacile - Winner!

  • Race: Terran Terran
  • League: Platinum
  • Spawn Location: 7:00

Zero

  • Race: Protoss Protoss
  • League: Gold
  • Spawn Location: 1:00

VOD

Have the link to the VOD?

Description

Time

  • Played on: June 29, 2020, 4:07 p.m.
  • Length: 6:38
Show
View Real Time Build Order
Export as new Build Order

imbacile Terran - Winner!

Build Orders:  

Get SALT Encoding   

  12  0:01  SCV  
  13  0:13  SCV  
  14  0:20  Supply Depot  
  14  0:25  SCV  
  15  0:41  SCV  
  16  0:43  Barracks  
  16  0:53  SCV  
  17  1:02  Barracks  
  17  1:03  Supply Depot  
  17  1:06  SCV  
  18  1:18  SCV  
  19  1:30  Marine, SCV  
  21  1:42  SCV  
  22  1:48  Marine  
  22  1:49  Marine  
  24  1:54  Command Center  
  24  2:01  SCV  
  25  2:11  Marine x2  
  27  2:16  Supply Depot  
  27  2:22  Refinery  
  27  2:25  Refinery  
  27  2:26  SCV  
  28  2:34  Marine x2  
  30  2:38  SCV  
  31  2:45  Refinery  
  31  2:50  SCV  
  32  2:52  Marine x2  
  34  3:03  SCV  
  35  3:08  Ghost Academy  
  35  3:10  Marine x2  
  37  3:15  SCV  
  37  3:18  SCV  
  40  3:27  SCV  
  40  3:28  Marine x2  
  41  3:46  Marine x2  
  41  4:03  Marine  
  41  4:04  Marine  
  43  4:21  Marine x2  
  45  4:39  Marine x2  
  45  4:42  SCV x2  
  45  4:45  Personal Cloaking  
  49  4:51  Factory  
  49  4:54  Barracks, SCV x2  
  52  5:04  Barracks Tech Lab  
  51  5:10  Barracks Tech Lab  
  51  5:26  Ghost  
  53  5:45  Orbital Command  
  53  5:48  Supply Depot, Orbital Command  
  53  5:50  Factory Tech Lab  
  53  5:52  Supply Depot  
  53  5:59  Engineering Bay  
  53  6:00  Engineering Bay  
  53  6:09  Ghost x2  
  53  6:10  Supply Depot  
Show
View Real Time Build Order
Export as new Build Order

Zero Protoss 

Build Orders: Dark Templar Rush 

Get SALT Encoding   

  12  0:03  Probe  
  13  0:15  Probe  
  14  0:21  Pylon  
  14  0:27  Probe  
  15  0:38  Probe  
  16  0:43  Gateway  
  16  0:47  Probe  
  16  0:55  Probe  
  16  0:57  Assimilator  
  18  1:06  Probe  
  18  1:08  Assimilator  
  19  1:18  Probe  
  20  1:30  Probe  
  21  1:33  Cybernetics Core  
  21  1:34  Pylon  
  21  1:42  Probe  
  22  1:54  Probe  
  22  1:59  Warp Gate  
  23  2:11  Nexus  
  23  2:26  Twilight Council  
  23  2:31  Robotics Facility  
  23  2:41  Probe  
  24  2:52  Gateway  
  24  2:53  Probe  
  25  3:04  Pylon  
  25  3:05  Probe  
  26  3:12  Zealot  
  26  3:17  Probe  
  26  3:47  Gateway  
  24  3:49  Dark Shrine, Probe  
  25  4:03  Pylon  
  22  4:27  Probe  
  22  4:31  Pylon  
  18  4:39  Probe  
  18  4:52  Dark Shrine  
  18  4:55  Gateway  
  13  6:14  Pylon  
  13  6:28  Pylon  
Tags
 
Add a new tag
Caveats
  • Supply blocks, unpowered buildings, or Contaminate may cause inaccurate times.
  • Supply counts are checked every 10 seconds.